 Dungeon Crawl Stone Soup version 0.31-a0-640-g39d97e502b (webtiles) character file.

Game seed: 18250439506340422121

639 qw the Skirmisher (level 7, -1/43 HPs)
             Began as a Gargoyle Hunter on Aug 27, 2023.
             Slain by Edmund
             ... wielding a +1 flail of protection
              (6 damage)
             ... on level 4 of the Dungeon.
             The game lasted 00:01:57 (3183 turns).

qw the Skirmisher (Gargoyle Hunter)                 Turns: 3183, Time: 00:01:57

Health: -1/43      AC: 14    Str: 15    XL:     7   Next: 51%
Magic:  7/7        EV: 10    Int:  9    God:
Gold:   185        SH:  0    Dex: 13    Spells: 6/6 levels left

rFire   . . .        Y - +0 shortbow
rCold   . . .        (shield currently unavailable)
rNeg    + . .        c - +1 ring mail of the Present {Fly Regen+ Dex-2 SInv}
rPois   inf          g - +2 helmet
rElec   +            (no cloak)
rCorr   +            (no gloves)
SInv    +            (no boots)
Will    .....        (no amulet)
Stlth   +            a - ring of resist corrosion
HPRegen 1.07/turn    (no ring)
MPRegen 0.10/turn

%: no passive effects
@: about to teleport, flying
A: sickness immunity, AC +4, negative energy resistance 1, electricity
resistance, torment resistance 1, petrification resistance
a: no special abilities


You were on level 4 of the Dungeon.
You visited 1 branch of the dungeon, and saw 4 of its levels.
You also visited: Sewer.

You collected 213 gold pieces.
You spent 28 gold pieces at shops.


Innate Abilities, Weirdness & Mutations

You are immune to sickness and miasma.
Your stone body is resilient. (AC +4)
You are immune to poison.
You resist negative energy. (rN+)
You are resistant to electric shocks. (rElec)
You are resistant to unholy torment.
You are immune to petrification.


   Skills:
 + Level 4.0 Fighting
 - Level 8.0 Ranged Weapons
 - Level 2.1 Armour
 - Level 1.5 Dodging
 - Level 1.1 Stealth


You had 6 spell levels left.
You didn't know any spells.
Your spell library was empty.

Inventory:

Hand Weapons
 Y - a +0 shortbow (weapon)
Armour
 c - the +1 ring mail of the Present (worn) {Fly Regen+ Dex-2 SInv}
   (You took it off a goblin on level 3 of the Dungeon)

   Dex-2:     It affects your dexterity (-2).
   SInv:      It lets you see invisible.
   Fly:       It grants you flight.
   Regen+:    It increases your rate of health regeneration.
 f - the +1 ring mail of Syequng {Fly Regen+ Str+8 Int+3}
   (You found it on level 2 of the Dungeon)

   Str+8:     It affects your strength (+8).
   Int+3:     It affects your intelligence (+3).
   Fly:       It grants you flight.
   Regen+:    It increases your rate of health regeneration.
 g - a +2 helmet (worn)
Jewellery
 a - a ring of resist corrosion (left hand)
Scrolls
 b - 3 scrolls of enchant weapon {unknown}
 d - 3 scrolls of identify
 e - a scroll of teleportation
Potions
 h - 2 potions of might
 i - a potion of mutation
 j - 2 potions of enlightenment
 k - a potion of heal wounds {unknown}

Dungeon Overview and Level Annotations

Branches:
Dungeon (4/15)              Sewer (visited)
 Temple: D:4-7

Altars:

Shops:
D:1 ?   D:2 [

Annotations:
D:4 Edmund


Message History

The arrow hits Edmund but does no damage.
Edmund is moderately wounded.
Edmund closely misses you.
You shoot an arrow. The arrow hits Edmund.
Edmund is moderately wounded.
Edmund closely misses you.
You shoot an arrow. The arrow closely misses Edmund.
Edmund hits you with a +1 flail of protection.
You shoot an arrow.
The arrow hits Edmund but does no damage.
Edmund is moderately wounded.
Edmund hits you with a +1 flail of protection.
You shoot an arrow.
The arrow hits Edmund but does no damage.
Edmund is moderately wounded.
Edmund barely misses you.
You shoot an arrow.
The arrow hits Edmund but does no damage.
Edmund is moderately wounded.
Edmund hits you but does no damage.
You shoot an arrow.
The arrow hits Edmund but does no damage.
Edmund is moderately wounded.
Edmund hits you with a +1 flail of protection!
You shoot an arrow.
The arrow hits Edmund but does no damage.
Edmund is moderately wounded.
Edmund barely misses you.
You shoot an arrow.
The arrow hits Edmund but does no damage.
Edmund is moderately wounded.
Edmund hits you with a +1 flail of protection!
You shoot an arrow. The arrow barely misses Edmund.
Edmund hits you with a +1 flail of protection. x2
3183 ||| READING 2 scrolls of teleportation.
As you read the scroll of teleportation, it crumbles to dust.
You feel strangely unstable.
Edmund hits you with a +1 flail of protection.
You die...
Edmund says, "That'll show my brother!"

#... #... ###### +....
.....# #.... .....#
#.....#### ...# .....#
#.....#..# ....# .....#
#.....@@.#.....#
.....#...+.....#..##....#
.....#...#.... #..##....#
.....#...#... #........#
.....+...#.. #........#
.....#...#. #........#
.....#...# #........#
'#####...#.....#####....#
.........#.....#..##....#


You could see Edmund.

Vanquished Creatures
  A water moccasin (D:4)
  2 bullfrogs (Sewer)
  A scorpion (D:3)
  Natasha (thrice) (D:2)
  Terence (D:3)
  Robin (D:3)
  4 gnolls (D:3)
  6 adders
  A dart slug (D:2)
  An orc (D:1)
  16 ball pythons
  5 bats
  16 endoplasms
  15 giant cockroaches
  15 goblins
  17 hobgoblins
  4 jackals
  10 quokkas
  8 frilled lizards
  6 kobolds
  5 rats
138 creatures vanquished.

Notes
Turn   | Place    | Note
-------+----------+-------------------------------------------
     0 | D:1      | qw the Gargoyle Hunter began the quest for the Orb.
     0 | D:1      | Reached XP level 1. HP: 12/12 MP: 1/1
     0 | D:1      | 0 ||| qw: Version: 0.3-a-74-g0d5e918
     0 | D:1      | 0 ||| qw: Game counter: 100
     0 | D:1      | 0 ||| qw: Melee chars always use a shield: true
     0 | D:1      | 0 ||| qw: God list: Okawaru
     0 | D:1      | 0 ||| qw: Allow faded altars: false
     0 | D:1      | 0 ||| qw: Do Orc after clearing Dungeon:15 true
     0 | D:1      | 0 ||| qw: Do second Lair branch before Depths: true
     0 | D:1      | 0 ||| qw: Lair rune preference: random
     0 | D:1      | 0 ||| qw: Goals: Normal
     0 | D:1      | 0 ||| PLANNING D:1-11
    91 | D:1      | Found Qiarch's Magic Scroll Shoppe.
   107 | D:1      | Reached XP level 2. HP: 15/17 MP: 2/2
   118 | D:1      | 118 ||| SHOPLISTING 2 scrolls of enchant weapon (210 gold,
                  | have 37).
   118 | D:1      | 118 ||| SHOPLISTING scroll of acquirement (728 gold, have
                  | 37).
   118 | D:1      | 118 ||| SHOPLISTING scroll of enchant weapon (105 gold,
                  | have 37).
   118 | D:1      | 118 ||| BUYING scroll of identify (28 gold).
   118 | D:1      | Bought a scroll of identify for 28 gold pieces
   118 | D:1      | 118 ||| SHOPLISTING scroll of identify (28 gold, have 9).
   118 | D:1      | 118 ||| SHOPLISTING scroll of teleportation (42 gold, have
                  | 9).
   156 | D:1      | Found a faded altar of an unknown god.
   535 | D:1      | Reached XP level 3. HP: 21/21 MP: 3/3
   778 | D:1      | Reached skill level 5 in Ranged Weapons
   874 | D:1      | 874 ||| UPGRADING to +0 ring mail.
   884 | D:1      | 884 ||| DROPPING +0 leather armour.
   885 | D:1      | 885 ||| READING scroll labelled QECZEA DEMYTU.
   890 | D:1      | 890 ||| READING scroll labelled ISUAPTOPN.
   891 | D:1      | 891 ||| READING 3 scrolls of identify.
   891 | D:1      | 891 ||| IDENTIFYING murky emerald potion
   892 | D:1      | 892 ||| READING 2 scrolls of identify.
   892 | D:1      | 892 ||| IDENTIFYING inky potion
   893 | D:1      | 893 ||| DROPPING scroll of butterflies.
   894 | D:1      | 894 ||| DROPPING potion of attraction.
   912 | D:2      | 912 ||| STAIRDANCE
  1054 | D:2      | Noticed Natasha
  1061 | D:2      | Killed Natasha
  1062 | D:2      | Reached XP level 4. HP: 27/27 MP: 4/4
  1115 | D:2      | Found Cemines's Antique Armour Boutique.
  1115 | D:2      | Noticed Natasha
  1133 | D:2      | Killed Natasha
  1134 | D:2      | Reached skill level 3 in Fighting
  1191 | D:2      | 1191 ||| SHOPLISTING pair of gloves (130 gold, have 58).
  1395 | D:2      | Noticed Natasha
  1401 | D:2      | Killed Natasha
  1402 | D:2      | Reached XP level 5. HP: 32/32 MP: 5/5
  1511 | D:2      | Identified the +1 ring mail of Syequng {Fly Regen+ Str+8
                  | Int+3}
  1578 | D:2      | 1578 ||| UPGRADING to +1 ring mail of Syequng {Fly Regen+
                  | Str+8 Int+3}.
  1587 | D:2      | 1587 ||| UPGRADING to +1 ring mail of Syequng {Fly Regen+
                  | Str+8 Int+3}.
  1592 | D:2      | 1592 ||| DROPPING +0 ring mail.
  1593 | D:2      | 1593 ||| READING scroll labelled LON CELAYME.
  1594 | D:2      | 1594 ||| READING scroll labelled LAUKEBLUKA.
  1595 | D:2      | 1595 ||| READING scroll labelled VUOSUOLALU.
  1696 | D:2      | 1696 ||| READING 4 scrolls of identify.
  1696 | D:2      | 1696 ||| IDENTIFYING gluggy blue potion
  1697 | D:2      | 1697 ||| READING 3 scrolls of identify.
  1697 | D:2      | 1697 ||| IDENTIFYING golden potion
  1710 | D:3      | 1710 ||| PLANNING SEWER
  1713 | D:3      | 1713 ||| STAIRDANCE
  1722 | D:3      | 1722 ||| STAIRDANCE
  1868 | D:3      | Noticed Terence
  1877 | D:3      | Killed Terence
  1906 | D:3      | Reached skill level 6 in Ranged Weapons
  1941 | D:3      | Reached XP level 6. HP: 34/38 MP: 6/6
  1979 | D:3      | 1979 ||| Stepping ~*~*~tactically~*~*~ (outnumbered).
  2029 | D:3      | Identified the +1 ring mail of the Present {Fly Regen+
                  | Dex-2 SInv}
  2120 | D:3      | Noticed Robin
  2136 | D:3      | Killed Robin
  2189 | D:3      | Found a glowing drain.
  2205 | D:3      | 2205 ||| UPGRADING to +1 ring mail of the Present {Fly
                  | Regen+ Dex-2 SInv}.
  2215 | D:3      | 2215 ||| UPGRADING to +0 helmet.
  2220 | D:3      | 2220 ||| READING scroll of enchant armour.
  2220 | D:3      | 2220 ||| ENCHANTING +0 helmet.
  2221 | D:3      | 2221 ||| DRINKING 2 murky coppery potions.
  2222 | D:3      | 2222 ||| DROPPING potion of brilliance.
  2264 | Sewer    | Entered a sewer
  2554 | Sewer    | Reached skill level 7 in Ranged Weapons
  2554 | Sewer    | Reached XP level 7. HP: 27/43 MP: 7/7
  2575 | Sewer    | 2575 ||| READING scroll labelled ZAOBRUFIRR.
  2590 | D:3      | 2590 ||| PLANNING D:1-11
  2940 | D:3      | 2940 ||| UPGRADING to ring of resist corrosion.
  2975 | D:4      | 2975 ||| READING scroll of enchant armour.
  2975 | D:4      | 2975 ||| ENCHANTING +1 helmet.
  3097 | D:4      | Reached skill level 8 in Ranged Weapons
  3148 | D:4      | Noticed Edmund
  3182 | D:4      | HP: 10/43 [Edmund/+1 flail of protection (2)]
  3182 | D:4      | HP: 4/43 [Edmund/+1 flail of protection (6)]
  3183 | D:4      | 3183 ||| READING 2 scrolls of teleportation.
  3183 | D:4      | Slain by Edmund

Levels and vault maps discovered:
D:1:      lightli_arrival_noodles, layout_basic,
          dreamdust_ecumenical_altar_grove, serial_shops, shop
D:2:      layout_loops_ring, serial_shops, nicolae_shop_dealshenge,
          supply_closet_lemuel, uniq_natasha
D:3:      layout_basic, gup_sewer_entry_glass, serial_park_tiny_1, st_stairs_5,
          minmay_misc_feat_encased, uniq_terence, uniq_robin
D:4:      layout_gridville, uniq_edmund

Skill      XL: |  1  2  3  4  5  6  7 |
---------------+----------------------+-----
Ranged Weapons | 5 6 7 8 |  8.0
Armour         | 2 |  2.1
Fighting       | 3 4 |  4.0
Dodging        | |  1.5
Stealth        | |  1.1

Action                     |  1- 3 |  4- 6 |  7- 9 || total
---------------------------+-------+-------+-------++-------
   Fire: Shortbow          |   100 |   374 |    82 ||   556
    Use: Scroll            |     4 |     6 |     3 ||    13
         Potion            |       |     1 |       ||     1
 Armour: Leather armour    |     9 |       |       ||     9
         Ring mail         |     5 |   170 |    28 ||   203
  Dodge: Dodged            |    27 |   210 |    32 ||   269

Table legend:
 A = Non-vault XP
 B = Vault XP
 C = Vault XP percentage of total XP
 D = Non-vault monster count
 E = Vault monster count
 F = Vault count percentage of total count
                 A         B        C        D         E       F
            +---------+---------+-------+---------+---------+-------
      Total |     487 |     427 |  46.7 |      78 |      60 |  43.5
            +---------+---------+-------+---------+---------+-------
        D:1 |      47 |       0 |   0.0 |      27 |       0 |   0.0
        D:2 |     118 |      36 |  23.4 |      22 |       1 |   4.3
        D:3 |     172 |     123 |  41.7 |      26 |      21 |  44.7
        D:4 |     150 |       0 |   0.0 |       3 |       0 |   0.0
      Sewer |       0 |     268 | 100.0 |       0 |      38 | 100.0
            +---------+---------+-------+---------+---------+-------
